 Dungeon Crawl Stone Soup version 0.31-a0-1620-gcbf77bbcfc (webtiles) character file.

Game seed: 8603469206722953633

96 zenocrate the Sneak (level 4, 0/21 HPs)
             Began as a Vine Stalker Enchanter on Jan 11, 2024.
             Slain by an orc
             ... wielding a +0 hand axe
              (4 damage)
             ... on level 3 of the Dungeon.
             The game lasted 00:02:55 (2391 turns).

zenocrate the Sneak (Vine Stalker Enchanter)        Turns: 2391, Time: 00:02:55

Health: 0/21       AC:  2    Str: 11    XL:     4   Next: 67%
Magic:  0/8        EV: 12    Int: 15    God:
Gold:   110        SH:  0    Dex: 16    Spells: 2/7 levels left

rFire   . . .        a - +1 dagger
rCold   . . .        (no shield)
rNeg    . . .        b - +0 robe
rPois   .            (no helmet)
rElec   .            (no cloak)
rCorr   .            (no gloves)
SInv    .            (no boots)
Will    .....        (no amulet)
Stlth   +++          (no ring)
HPRegen 1.03/turn    (no ring)
MPRegen 0.11/turn

%: guardian spirit
@: no status effects
A: fangs 2, regeneration 1, magic shield, antimagic bite, no potion heal 2
a: no special abilities


You were on level 3 of the Dungeon.
You visited 1 branch of the dungeon, and saw 3 of its levels.

You collected 110 gold pieces.

Inventory:

Hand Weapons
 a - a +1 dagger (weapon)
Missiles
 e - 2 boomerangs (quivered)
Armour
 b - a +0 robe (worn)
Jewellery
 h - a +4 ring of protection
Wands
 m - a wand of polymorph (3)
Scrolls
 d - 2 scrolls of teleportation {unknown}
 f - a scroll of poison {unknown}
 g - a scroll of amnesia {unknown}
 i - a scroll of immolation {unknown}
 j - a scroll of blinking {unknown}
 k - a scroll of noise {unknown}
 l - a scroll of vulnerability {unknown}
 o - a scroll of identify {unknown}
Potions
 c - 2 potions of invisibility
 n - 2 potions of haste {unknown}


   Skills:
 + Level 1.8 Short Blades
 * Level 2.5 Dodging
 + Level 4.4 Stealth
 - Level 2.1 Spellcasting
 + Level 3.5 Hexes
 + Level 0.9 Ice Magic


You had 2 spell levels left.
You knew the following spells:

 Your Spells              Type           Power      Damage    Failure   Level
a - Ensorcelled Hibernat  Hex/Ice        16%        N/A       13%         2
b - Confusing Touch       Hex            12%        N/A       16%         3

Your spell library contained the following spells:

 Spells                   Type           Power      Damage    Failure   Level
 Static Discharge         Conj/Air       2%         3-4/arc   32%         2
 Tukima's Dance           Hex            12%        N/A       16%         3
 Dazzling Flash           Conj/Hex       12%        N/A       32%         3
 Gell's Gravitas          Tloc           1%         N/A       54%         3
 Teleport Other           Tloc           1%         N/A       54%         3
 Airstrike                Air            0%         2d(1-17)  91%         4
 Summon Lightning Spire   Summ/Air       1%         N/A       91%         4
 Summon Mana Viper        Hex/Summ       6%         N/A       96%         5
 Summon Forest            Summ/Tloc      0%         N/A       99%         5
 Dispersal                Tloc           0%         N/A       100%        6
 Summon Cactus Giant      Summ           0%         N/A       100%        6


Dungeon Overview and Level Annotations

Branches:
Dungeon (3/15)

Altars:

Shops:
D:1 (   D:3 [

Annotations:
D:3 Robin


Innate Abilities, Weirdness & Mutations

You have extremely sharp teeth.
Your natural rate of healing is unusually fast.
When hurt, damage is shared between your health and your magic reserves.
Your bite disrupts and absorbs the magic of your enemies.
Potions cannot restore your health.


Message History

The orc barely misses you. The goblin closely misses you.
You hit the goblin.
You kill the goblin!
Robin throws the goblin at you! The goblin closely misses you.
The orc completely misses you.
You hit the orc.
The orc is heavily wounded.
The goblin hits you with a +0 club.
The orc hits you with a +1 dagger of venom.
You barely miss the orc.
The orc is heavily wounded.
A ribbon worm comes into view.
The goblin hits you with a +0 club. The orc barely misses you.
You hit the orc.
The orc is almost dead.
The goblin barely misses you. The orc barely misses you.
Unknown command.
You hit the orc.
You kill the orc!
Unknown command.
You closely miss the goblin. The goblin hits you with a +0 club.
Your magical contamination has completely faded away.
Unknown command.
You barely miss the goblin. Your bite misses the goblin.
The goblin barely misses you. The orc hits you with a +0 hand axe.
Unknown command.
You hit the goblin but do no damage. You bite the goblin, but do no damage.
The goblin closely misses you. The orc hits you with a +0 hand axe.
Unknown command.
You hit the goblin.
The goblin is heavily wounded.
The goblin barely misses you. The orc hits you with a +0 hand axe.
* * * LOW HITPOINT WARNING * * *
Unknown command.
You barely miss the goblin. You bite the goblin.
You kill the goblin!
Robin throws the goblin at you!
* * * LOW HITPOINT WARNING * * *
The orc hits you with a +0 hand axe.
You die...

........### #........#
# #......#.# ###
#.##..#...#.# ##.##
..........#.# ##.#.##
#.........#.####.###.##
##............## ##.#
####g######...###.##
#@# #.##.#..# #o#
#.###...# #g#
#.###...##


ggg #.##..>..# o.l #.###...## .wggg #.##.#..# ..... #.#.....### .......
........... ###....#### You could see a ribbon worm, Robin, 2 orcs, 2
hobgoblins, 5 goblins and a frilled lizard.

Vanquished Creatures
  An orc priest (D:3)
  A dart slug (D:2)
  5 orcs (D:3)
  3 endoplasms
  7 goblins
  7 hobgoblins
  2 jackals (D:2)
  3 quokkas
  5 ball pythons
  3 bats
  4 frilled lizards
  6 kobolds
  10 rats
57 creatures vanquished.

Notes
Turn   | Place    | Note
-------+----------+-------------------------------------------
     0 | D:1      | zenocrate the Vine Stalker Enchanter began the quest for
                  | the Orb.
     0 | D:1      | Reached XP level 1. HP: 9/9 MP: 4/4
    13 | D:1      | You fall into a shaft and drop 1 floor!
    64 | D:2      | Reached skill level 1 in Short Blades
   126 | D:2      | Reached XP level 2. HP: 13/13 MP: 6/6
   130 | D:2      | Learned a level 2 spell: Ensorcelled Hibernation
   301 | D:1      | Found Wifircheu's Antique Weapon Emporium.
   373 | D:1      | Reached skill level 4 in Stealth
   384 | D:1      | Reached XP level 3. HP: 14/16 MP: 2/7
   390 | D:1      | Learned a level 3 spell: Confusing Touch
   552 | D:1      | Found a faded altar of an unknown god.
  1934 | D:3      | Found Jyoxaev's Antique Armour Shop.
  1954 | D:3      | Reached XP level 4. HP: 11/21 MP: 1/8
  2376 | D:3      | Noticed Robin
  2391 | D:3      | Slain by an orc

Illustrated notes

Levels and vault maps discovered:
D:1:      evilmike_arrival_plus, layout_rooms, serial_shops, shop,
          shapermc_ecumenical_altar_totnotflames
D:2:      layout_basic
D:3:      layout_loops_corners, serial_shops, nicolae_shop_behind_doors,
          uniq_robin

Skill      XL: |  1  2 |
---------------+-------+-----
Short Blades   | 1 |  1.8
Stealth        | 4 |  4.4
Dodging        | 2 |  2.5
Spellcasting   | |  2.1
Hexes          | |  3.5
Ice Magic      | |  0.9

Action                     |  1- 3 |  4- 6 || total
---------------------------+-------+-------++-------
  Melee: Dagger            |   127 |    20 ||   147
         Bite              |    29 |     4 ||    33
   Cast: Ensorcelled Hiber |    15 |     1 ||    16
    Use: Potion            |     1 |       ||     1
   Stab: Sleeping          |    15 |     2 ||    17
         Invisible         |     2 |     1 ||     3
 Armour: Robe              |    64 |    15 ||    79
  Dodge: Dodged            |    94 |    14 ||   108

Table legend: (Time is in decaauts)
 A = Elapsed time spent in this place.
 B = Non-inter-level travel time spent in this place.
 C = Inter-level travel time spent in this place.
 D = Time resting spent in this place.
 E = Time spent auto-exploring this place.
 F = Levels seen in this place.
 G = Mean time per level.
                   A        B        C        D        E       F      G
               +--------+--------+--------+--------+--------+-----+--------+
         Total |   2382 |   2355 |     27 |      4 |   1925 |   3 |  794.0 |
       Dungeon |   2382 |   2355 |     27 |      4 |   1925 |   3 |  794.0 |
               +--------+--------+--------+--------+--------+-----+--------+

Top non-repeatable levels by time:
     D:2: 851 daAuts
     D:3: 811 daAuts
     D:1: 719 daAuts
